 Dungeon Crawl Stone Soup version 0.31-a0-1178-gc5c9b8f871 (webtiles) character file.

Game seed: 1476364460331892585

128 Inarius the Trooper (level 4, 0/36 HPs)
             Began as a Mummy Fighter on Dec 11, 2023.
             Slain by a kobold brigand
             ... wielding a +0 short sword
              (1 damage)
             ... in a sewer.
             The game lasted 00:04:08 (1927 turns).

Inarius the Trooper (Mummy Fighter)                 Turns: 1927, Time: 00:04:09

Health: 0/36       AC:  7    Str: 21    XL:     4   Next: 86%
Magic:  4/4        EV:  9    Int:  7    God:
Gold:   132        SH:  4    Dex: 11    Spells: 3/3 levels left

rFire   . . .        a - +0 war axe
rCold   + + .        c - +0 buckler
rNeg    + + +        b - +0 scale mail
rPois   ∞            j - +0 helmet
rElec   .            e - scarf {rC+ rF+}
rCorr   .            (no gloves)
SInv    .            (no boots)
Will    .....        (no amulet) Stlth
                     (no ring)
HPRegen 0.26/turn    (no ring)
MPRegen 0.09/turn

%: faith
@: no status effects
A: cold resistance 1, negative energy resistance 3, torment resistance 2, heat
vulnerability 1, in touch with death 1, no potions, faith
a: no special abilities


You were in a sewer.
You visited 1 branch of the dungeon, and saw 3 of its levels.
You also visited: Sewer.

You collected 132 gold pieces.

Inventory:

Hand Weapons
 a - a +0 war axe (weapon)
Armour
 b - a +0 scale mail (worn)
 c - a +0 buckler (worn)
 e - a scarf of resistance (worn)
 j - a +0 helmet (worn)
Scrolls
 d - a scroll of fog
 f - a scroll of enchant armour
 g - a scroll of blinking
 h - a scroll of amnesia
 i - a scroll of enchant weapon
 k - a scroll of identify


   Skills:
 * Level 3.6 Fighting
 + Level 3.1 Axes
 + Level 2.8 Armour
 + Level 0.6 Dodging
 + Level 2.7 Shields


You had 3 spell levels left.
You didn't know any spells.
Your spell library contained the following spells:

 Spells                   Type           Power      Damage    Failure   Level
 Hailstorm                Conj/Ice       0%         3d5       99%         3
 Summon Ice Beast         Ice/Summ       0%         N/A       100%        4
 Simulacrum               Ice/Necr       0%         N/A       100%        6
 Summon Hydra             Summ           0%         N/A       100%        7
 Sublimation of Blood     Necr           Unusable   N/A       N/A         2
 Wereblood                Tmut           Unusable   N/A       N/A         2

Dungeon Overview and Level Annotations

Branches:
Dungeon (3/15)              Sewer (1/1)

Altars:


Innate Abilities, Weirdness & Mutations

You are immune to poison.
Your flesh is cold resistant. (rC+)
You are immune to negative energy. (rN+++)
You are immune to unholy pain and torment.
You are vulnerable to heat. (rF-)
You are in touch with the powers of death.
You do not drink.
You have a special connection with the divine. (Faith)


Message History

The kobold brigand splashes around in the water.
Unknown command.
You closely miss the kobold brigand.
The kobold brigand is heavily wounded.
You hit the worm.
You kill the worm!
The kobold brigand splashes around in the water.
Unknown command.
You barely miss the kobold brigand.
The kobold brigand is heavily wounded.
The kobold brigand hits you with a +0 short sword.
You hit the kobold brigand but do no damage.
The kobold brigand is heavily wounded.
The kobold brigand hits you with a +0 short sword. x2
* * * LOW HITPOINT WARNING * * *
You slash the kobold brigand!
The kobold brigand is severely wounded.
The kobold brigand hits you with a +0 short sword.
* * * LOW HITPOINT WARNING * * *
You hit the kobold brigand.
The kobold brigand is almost dead.
The kobold brigand hits you but does no damage.
The kobold brigand hits you with a +0 short sword.
* * * LOW HITPOINT WARNING * * *
Unknown command.
You hit the kobold brigand but do no damage.
The kobold brigand is almost dead.
The kobold brigand splashes around in the water.
You miss the kobold brigand.
The kobold brigand is almost dead.
You block the kobold brigand's attack.
You closely miss the kobold brigand.
The kobold brigand is almost dead.
The kobold brigand barely misses you.
The kobold brigand hits you with a +0 short sword.
* * * LOW HITPOINT WARNING * * *
You barely miss the kobold brigand.
The kobold brigand is almost dead.
The kobold brigand hits you with a +0 short sword.
You die...

#. .# #~ ~#~
~# #~ ~#~ ~#
~#~ ~#~ ~.~
~~~ #~# #~#
#~# #.#
#†###~#
#K@..~#
##~~.## #~~.#
#~~.# .#
##~~.# ..#
##~...#
.~~#####..~~.#
.~~..~~..~..##
#~~~~~~~.~###


You could see a kobold brigand.

Vanquished Creatures
  An orc wizard (D:3)
  2 adders (D:2)
  A worm (Sewer)
  A dart slug (D:3)
  6 orcs
  11 ball pythons
  8 endoplasms
  5 giant cockroaches
  A goblin (D:1)
  5 hobgoblins
  9 jackals
  A quokka (D:1)
  2 bats
  2 frilled lizards
  6 kobolds (D:1)
  5 rats
66 creatures vanquished.

Notes
Turn   | Place    | Note
-------+----------+-------------------------------------------
     0 | D:1      | Inarius the Mummy Fighter began the quest for the Orb.
     0 | D:1      | Reached XP level 1. HP: 18/18 MP: 1/1
   112 | D:1      | Reached XP level 2. HP: 15/24 MP: 2/2
   655 | D:1      | Found a faded altar of an unknown god.
   730 | D:2      | Reached XP level 3. HP: 29/29 MP: 3/3
   977 | D:2      | Reached XP level 4. HP: 27/35 MP: 4/4
  1859 | D:3      | Found a glowing drain.
  1875 | Sewer    | Entered a sewer
  1902 | Sewer    | Noticed a kobold brigand
  1926 | Sewer    | HP: 1/36 [kobold brigand/+0 short sword (2)]
  1927 | Sewer    | Slain by a kobold brigand

Illustrated notes

Levels and vault maps discovered:
D:1:      matt_arrival_spirals, layout_rooms, basic_ecumenical_altar
D:2:      layout_loops_ring
D:3:      layout_rooms, mainiacjoe_sewer_entry_somewhere_in_here_1
Sewer:    sewer_co_tree

Skill      XL: |  1  2  3  4 |
---------------+-------------+-----
Axes           | 2 3 |  3.1
Fighting       | |  3.6
Armour         | |  2.8
Dodging        | |  0.6
Shields        | |  2.7

Action                     |  1- 3 |  4- 6 || total
---------------------------+-------+-------++-------
  Melee: War axe           |   115 |    74 ||   189
    Use: Scroll            |       |     5 ||     5
 Armour: Scale mail        |    66 |    78 ||   144
  Dodge: Dodged            |    48 |    38 ||    86
  Block: Buckler           |    30 |    11 ||    41

Table legend: (Time is in decaauts)
 A = Elapsed time spent in this place.
 B = Non-inter-level travel time spent in this place.
 C = Inter-level travel time spent in this place.
 D = Time resting spent in this place.
 E = Time spent auto-exploring this place.
 F = Levels seen in this place.
 G = Mean time per level.
                   A        B        C        D        E       F      G
               +--------+--------+--------+--------+--------+-----+--------+
         Total |   2010 |   1903 |    107 |    138 |   1034 |   4 |  502.5 |
       Dungeon |   1949 |   1842 |    107 |    138 |   1008 |   3 |  649.7 |
         Sewer |     61 |     61 |      0 |      0 |     26 |   1 |   61.0 |
               +--------+--------+--------+--------+--------+-----+--------+

Top non-repeatable levels by time:
     D:2: 859 daAuts
     D:1: 693 daAuts
     D:3: 397 daAuts
   Sewer: 61 daAuts
